 Dungeon Crawl Stone Soup version 0.32-a0-306-gfed3edf829 (webtiles) character file.

Game seed: 6275910575788330475

9 oldriver the Conjurer (level 2, -3/20 HPs)
             Began as a Demonspawn Conjurer on Feb 15, 2024.
             Slain by a ribbon worm (7 damage)
             ... on level 2 of the Dungeon.
             The game lasted 00:00:52 (434 turns).

oldriver the Conjurer (Demonspawn Conjurer)          Turns: 434, Time: 00:00:53

Health: -3/20      AC:  8    Str:  4 (7)  XL:     2   Next: 6%
Magic:  0/5        EV:  6    Int: 17 (18) God:
Gold:   9          SH:  0    Dex:  9 (11) Spells: 4/5 levels left

rFire   . . .        (no weapon)
rCold   . . .        (no shield)
rNeg    . . .        a - +0 robe
rPois   .            (no helmet)
rElec   .            (no cloak)
rCorr   .            (no gloves)
SInv    .            (no boots)
Will    .....        (no amulet)
Stlth   ++           (no ring)
HPRegen 0.23/turn    (no ring)
MPRegen 0.09/turn

%: no passive effects
@: sanguine armoured, attractive, held
A: sanguine armour 1
a: no special abilities


You were on level 2 of the Dungeon.
You visited 1 branch of the dungeon, and saw 2 of its levels.

You collected 9 gold pieces.

Inventory:

Armour
 a - a +0 robe (worn)
Scrolls
 d - a scroll of identify {unknown}


   Skills:
 + Level 0.6 Fighting
 - Level 1.7 Dodging
 - Level 1.7 Stealth
 * Level 2.3 Spellcasting
 + Level 4.1 Conjurations


You had 4 spell levels left.
You knew the following spells:

 Your Spells              Type           Power      Damage    Failure   Level
a - Magic Dart            Conj           64%        1d6       3%          1

Your spell library contained the following spells:

 Spells                   Type           Power      Damage    Failure   Level
 Searing Ray              Conj           32%        2d5       5%          2
 Fulminant Prism          Conj/Alch      4%         3d5       63%         4
 Iskenderun's Mystic Bla  Conj/Tloc      9%         2d4       63%         4


Dungeon Overview and Level Annotations

Branches:
Dungeon (1/15)

Altars:


Innate Abilities, Weirdness & Mutations

When seriously injured, your blood forms armour. (AC +6)


Message History

The ribbon worm is lightly wounded.
Casting: Magic Dart (safe; 3% risk of failure)
Confirm with . or Enter, or press ? or * to list all spells.
Aiming: Magic Dart (safe; 3% risk of failure)
Press: ? - help, Shift-Dir - straight line, f/p - ribbon worm
Aim: a ribbon worm (lightly wounded, catching its breath, 100% to hit)
The magic dart hits the ribbon worm.
The ribbon worm is moderately wounded.
The ribbon worm bites you but does no damage.
Casting: Magic Dart (safe; 3% risk of failure)
Confirm with . or Enter, or press ? or * to list all spells.
Aiming: Magic Dart (safe; 3% risk of failure)
Press: ? - help, Shift-Dir - straight line, f/p - ribbon worm
Aim: a ribbon worm (moderately wounded, catching its breath, 100% to hit)
The magic dart hits the ribbon worm.
The ribbon worm is heavily wounded.
The ribbon worm bites you!
* * * LOW HITPOINT WARNING * * *
Casting: Magic Dart (safe; 3% risk of failure)
Confirm with . or Enter, or press ? or * to list all spells.
Aiming: Magic Dart (safe; 3% risk of failure)
Press: ? - help, Shift-Dir - straight line, f/p - ribbon worm
Aim: a ribbon worm (heavily wounded, 100% to hit)
The magic dart hits the ribbon worm.
The ribbon worm is severely wounded.
The ribbon worm closely misses you.
Your magical contamination has completely faded away.
It was a potion of attraction.
You feel attractive to monsters.
The ribbon worm bites you but does no damage.
It was a potion of degeneration.
There was something very wrong with that liquid.
You feel weakened.
You feel dopey.
You feel clumsy.
Casting: Magic Dart (safe; 3% risk of failure)
Confirm with . or Enter, or press ? or * to list all spells.
You don't have enough magic to cast this spell.
Unknown command.
You struggle to detach yourself from the web.
The ribbon worm bites you!
You die...

##########. .....!
#....w..... #...
##.#######. #. #.#..
#. #.#.# ##.......#
#. #†#.# ........ #.
#w#.# #.B[... ###
#.#.# ..... #..
#.#@# ... #.. #.#w#
#.# #..
#.#.######.#######..
#...................
#..#.#####..........
#..#.# #..........
#..#.# #..........
#..#.# #..........
#..#.#####..........


You could see a ribbon worm.

Vanquished Creatures
  A ball python (D:2)
  2 giant cockroaches (D:2)
  A quokka (D:2)
  A frilled lizard (D:2)
5 creatures vanquished.

Notes
Turn   | Place    | Note
-------+----------+-------------------------------------------
     0 | D:1      | oldriver the Demonspawn Conjurer began the quest for the
                  | Orb.
     0 | D:1      | Reached XP level 1. HP: 13/13 MP: 3/3
    37 | D:1      | You fall into a shaft and drop 1 floor!
   332 | D:2      | Gained mutation: When seriously injured, your blood forms
                  | armour. (AC +6) [demonic ancestry]
   332 | D:2      | Reached XP level 2. HP: 18/20 MP: 0/5
   434 | D:2      | Slain by a ribbon worm

Illustrated notes

Levels and vault maps discovered:
D:1:      lightli_arrival_maybe_door_vault, layout_loops_ring,
          minmay_misc_feat_cross, minmay_pentomino_q4
D:2:      layout_basic, basic_ecumenical_altar, kennysheep_path_1,
          grunt_decor_one_mirror

Action                     || total
---------------------------++-------
  Melee: Unarmed           ||    11
   Cast: Magic Dart        ||    23
    Use: Potion            ||     3
 Armour: Robe              ||     9
  Dodge: Dodged            ||    12

Table legend: (Time is in decaauts)
 A = Elapsed time spent in this place.
 B = Non-inter-level travel time spent in this place.
 C = Inter-level travel time spent in this place.
 D = Time resting spent in this place.
 E = Time spent auto-exploring this place.
 F = Levels seen in this place.
 G = Mean time per level.
                   A        B        C        D        E       F      G
               +--------+--------+--------+--------+--------+-----+--------+
         Total |    433 |    433 |      0 |     51 |    281 |   2 |  216.5 |
       Dungeon |    433 |    433 |      0 |     51 |    281 |   2 |  216.5 |
               +--------+--------+--------+--------+--------+-----+--------+

Top non-repeatable levels by time:
     D:2: 396 daAuts
     D:1: 37 daAuts
